 Dungeon Crawl Stone Soup version 0.27-a0-631-g2d681adce0 (webtiles) character file.

Game seed: 15614942408458806633

2314749 Ge0ff the Cutthroat (level 27, 179/179 HPs)
             Began as a Tengu Fighter on Mar 13, 2021.
             Was the Champion of Wu Jian.
             Escaped with the Orb
             ... and 4 runes!
             The game lasted 03:37:56 (77080 turns).

Ge0ff the Cutthroat (Tengu Fighter)                Turns: 77080, Time: 03:37:57

Health: 179/179    AC: 46    Str: 31    XL:     27
Magic:  41/41      EV: 35    Int: 12    God:    Wu Jian [******]
Gold:   44         SH: 17    Dex: 31    Spells: 36/46 levels left

rFire    + . .     SeeInvis .   a - +9 rapier of Valour {elec, +Rage rC+}
rCold    + + +     Faith    .   Q - +0 kite shield of Woroh {rElec Will++ Dex+3}
rNeg     + + .     Spirit   +   d - +14 shadow dragon scales of the Learner {Dex+3 Stlth++++}
rPois    .         Reflect  .   C - +2 hat
rElec    +         Harm     .   Y - +0 cloak of Boiling Hail {Regen+ rCorr Str+5}
rCorr    +         Rampage  .   w - +2 pair of gloves {Dex+3}
Will     +++++                  (boots unavailable)
Stlth    +++.......             X - amulet of Psychosis {Spirit rElec Will+ Dex+2}
HPRegen  1.39/turn              f - ring "Xyryo" {+Inv rN+ Will+ AC+4 Int+2, =R}
MPRegen  0.27/turn              r - ring "Zojen" {rElec rF+ rC+ rN+ Dex+6 Slay+3}

@: flying quickly and evasively, studying 2 skills, quick
A: beak, talons 3, able to fly, clumsy 1, cold resistance 1, high mp 1,
electricity resistance, inhibited regeneration, MP-powered wands
0: Orb of Zot
}: 4/15 runes: serpentine, barnacled, slimy, silver
a: Stop Flying, Renounce Religion, Evoke Berserk Rage, Evoke Invisibility, Wall
Jump, Serpent's Lash, Heavenly Storm


You escaped.
You worshipped Wu Jian.
Wu Jian was exalted by your worship.
You visited 11 branches of the dungeon, and saw 55 of its levels.
You also visited: Trove, Sewer and Volcano.

You collected 12026 gold pieces.
You spent 11982 gold pieces at shops.

Inventory:

Hand Weapons
 a - the +9 rapier of Valour (weapon) {elec, +Rage rC+}
   (You bought it in a shop on level 2 of the Orcish Mines)

   Occasionally, upon striking a foe, it can discharge electrical energy and
   cause terrible harm.
   It protects you from cold.
   It lets you go berserk.
 b - the +8 rapier "Bionuar" {holy, Stlth+}
   (You found it on level 12 of the Dungeon)

   It has been blessed by the Shining One to cause great damage to the undead
   and demons.
   It makes you more stealthy.
 h - a +6 vampiric rapier
Missiles
 g - 7 throwing nets {=f}
 i - 10 silver javelins
 v - 13 curare-tipped darts {=f}
 D - 23 boomerangs (quivered)
 L - 46 javelins
Armour
 d - the +14 shadow dragon scales of the Learner (worn) {Dex+3 Stlth++++}
   (You bought it in a shop on level 15 of the Dungeon)

   It affects your dexterity (+3).
   It makes you much more stealthy.
 w - a +2 pair of gloves of dexterity (worn)
 C - a +2 hat (worn)
 Q - the +0 kite shield of Woroh (worn) {rElec Will++ Dex+3}
   (You bought it in a shop on level 4 of the Snake Pit)

   It affects your dexterity (+3).
   It insulates you from electricity.
   It affects your willpower, your defense against some magical effects.
 Y - the +0 cloak of Boiling Hail (worn) {Regen+ rCorr Str+5}
   (You found it on level 5 of the Vaults)

   It affects your strength (+5).
   It increases your rate of regeneration.
   It provides partial protection from all sources of acid and corrosion.
Jewellery
 f - the ring "Xyryo" (right hand) {+Inv rN+ Will+ AC+4 Int+2, =R}
   (You bought it in a shop on level 3 of the Snake Pit)

   [ring of protection]

   It affects your AC (+4).
   It affects your intelligence (+2).
   It protects you from negative energy.
   It affects your willpower, your defense against some magical effects.
   It lets you turn invisible.
 r - the ring "Zojen" (left hand) {rElec rF+ rC+ rN+ Dex+6 Slay+3}
   (You took it off a merfolk on level 4 of the Shoals)

   [ring of dexterity]

   It affects your dexterity (+6).
   It affects your accuracy and damage with ranged weapons and melee attacks
   (+3).
   It protects you from fire.
   It protects you from cold.
   It insulates you from electricity.
   It protects you from negative energy.
 X - the amulet of Psychosis (around neck) {Spirit rElec Will+ Dex+2}
   (You found it in a treasure trove)

   [amulet of guardian spirit]

   It causes incoming damage to be split between your health and magic.
   It affects your dexterity (+2).
   It insulates you from electricity.
   It affects your willpower, your defense against some magical effects.
 Z - the ring "Mogi" {rC+ SInv}
   (You found it on level 3 of the Depths)

   [ring of see invisible]

   It protects you from cold.
   It lets you see invisible.
Wands
 e - a wand of charming (37)
 j - a wand of acid (43)
 k - a wand of iceblast (23)
 p - a wand of paralysis (37)
 s - a wand of mindburst (47)
 P - a wand of polymorph (62)
Scrolls
 m - 7 scrolls of magic mapping
 u - a scroll of holy word
 y - 6 scrolls of immolation
 B - 8 scrolls of blinking
 E - 10 scrolls of fear
 F - 7 scrolls of fog
 J - 3 scrolls of silence {!r}
 S - a scroll of summoning
 T - 14 scrolls of teleportation
 V - 2 scrolls of vulnerability
Potions
 o - 13 potions of ambrosia
 q - 28 potions of curing
 z - 15 potions of brilliance
 H - 10 potions of haste {!q}
 K - 6 potions of magic {!q}
 M - 10 potions of might
 N - 4 potions of cancellation {!q}
 R - 7 potions of resistance
 W - 13 potions of heal wounds {!q}
Miscellaneous
 c - a condenser vane
 l - a lightning rod (4/4)
 n - a phial of floods
 t - a tin of tremorstones (2/2)
 O - a box of beasts
 U - a phantom mirror


   Skills:
 - Level 20.0 Fighting
 + Level 23.9(24.3) Short Blades
 - Level 10.0(18.5) Long Blades
 - Level 6.9(12.2) Slings
 - Level 15.5(16.0) Throwing
 - Level 23.0 Armour
 - Level 20.0 Dodging
 - Level 12.0 Stealth
 - Level 15.0 Shields
 - Level 10.0 Spellcasting
 - Level 18.0 Conjurations
 - Level 7.0 Translocations
 - Level 10.0 Transmutations
 - Level 10.0 Earth Magic
 - Level 17.0 Evocations


You had 36 spell levels left.
You knew the following spells:

 Your Spells              Type           Power      Damage    Failure   Level
c - Blink                 Tloc           N/A        N/A       2%          2
g - Apportation           Tloc           44%        N/A       1%          1
w - Passwall              Tmut/Erth      25%        N/A       1%          2
E - Irradiate             Conj/Tmut      19%        3d20      2%          5

Your spell library contained the following spells:

 Spells                   Type           Power      Damage    Failure   Level
 Magic Dart               Conj           100%       1d8       0%          1
 Beastly Appendage        Tmut           60%        N/A       1%          1
 Foxfire                  Conj/Fire      100%       2x1d9     1%          1
 Sandblast                Erth           60%        2d14      1%          1
 Shock                    Conj/Air       100%       1d9       1%          1
 Searing Ray              Conj           98%        3d7       1%          2
 Wereblood                Tmut           30%        N/A       1%          2
 Conjure Flame            Conj/Fire      27%        6-21      1%          3
 Dazzling Flash           Conj/Hex       54%        N/A       1%          3
 Static Discharge         Conj/Air       27%        N/A       1%          3
 Stone Arrow              Conj/Erth      78%        3d11      1%          3
 Iskenderun's Mystic Bla  Conj/Tloc      36%        2d9       1%          4
 Iskenderun's Battlesphe  Conj           49%        2d10      1%          5
 Gell's Gravitas          Tloc           11%        N/A       4%          3
 Lesser Beckoning         Tloc           11%        N/A       4%          3
 Teleport Other           Tloc           22%        N/A       4%          3
 Petrify                  Tmut/Erth      30%        N/A       4%          4
 Mephitic Cloud           Conj/Pois/Air  20%        N/A       7%          3
 Fulminant Prism          Conj/Hex       13%        3d9       7%          4
 Hailstorm                Conj/Ice       27%        3d7       7%          4
 Sticky Flame             Conj/Fire      27%        2d5       7%          4
 Spider Form              Tmut/Pois      9%         N/A       11%         3
 Blade Hands              Tmut           15%        N/A       12%         5
 Lee's Rapid Deconstruct  Erth           15%        3d11*     12%         5
 Iron Shot                Conj/Erth      19%        9d4       13%         6
 Orb of Destruction       Conj           24%        9d10      14%         7
 Manifold Assault         Tloc           22%        N/A       16%         4
 Bolt of Magma            Conj/Fire/Erth 14%        4d8       17%         5
 Portal Projectile        Hex/Tloc       28%        N/A       19%         3
 Fireball                 Conj/Fire      13%        3d7       19%         5
 Lightning Bolt           Conj/Air       13%        1d27      19%         5
 Ignite Poison            Fire/Tmut/Pois 13%        N/A       22%         3
 Animate Skeleton         Necr           12%        N/A       26%         1
 Corona                   Hex            6%         N/A       26%         1
 Freeze                   Ice            24%        1d5       26%         1
 Pain                     Necr           24%        1d5       26%         1
 Summon Small Mammal      Summ           24%        N/A       26%         1
 Animate Armour           Summ/Erth      36%        N/A       34%         4
 Ice Form                 Ice/Tmut       18%        N/A       34%         4
 Leda's Liquefaction      Hex/Erth       9%         N/A       34%         4
 Call Imp                 Summ           6%         N/A       38%         2
 Ensorcelled Hibernation  Hex/Ice        12%        N/A       38%         2
 Slow                     Hex            6%         N/A       38%         2
 Sublimation of Blood     Necr           3%         N/A       38%         2
 Swiftness                Air            6%         N/A       38%         2
 Hydra Form               Tmut           15%        N/A       56%         6
 Statue Form              Tmut/Erth      20%        N/A       56%         6
 Confusing Touch          Hex            6%         N/A       63%         3
 Frozen Ramparts          Ice            12%        1d3       63%         3
 Inner Flame              Hex/Fire       6%         N/A       63%         3
 Ozocubu's Armour         Ice            6%         N/A       63%         3
 Tukima's Dance           Hex            6%         N/A       63%         3
 Vampiric Draining        Necr           3%         2d6       63%         3
 Alistair's Intoxication  Tmut/Pois      12%        N/A       67%         5
 Borgnjor's Vile Clutch   Necr/Erth      9%         N/A       67%         5
 Yara's Violent Unravell  Hex/Tmut       9%         3d6       67%         5
 Starburst                Conj/Fire      13%        8x6d6     71%         6
 Summon Forest            Summ/Tloc      7%         N/A       87%         5
 Dispersal                Tloc           11%        N/A       93%         6
 Airstrike                Air            3%         N/A       95%         4
 Animate Dead             Necr           3%         N/A       95%         4
 Cause Fear               Hex            3%         N/A       95%         4
 Summon Ice Beast         Ice/Summ       6%         N/A       95%         4
 Summon Lightning Spire   Summ/Air       6%         N/A       95%         4
 Dragon Form              Tmut           15%        N/A       98%         7
 Eringya's Noxious Bog    Tmut/Pois      9%         N/A       99%         6
 Spellforged Servitor     Conj/Summ      13%        N/A       99%         7
 Agony                    Necr           6%         N/A       100%        5
 Metabolic Englaciation   Hex/Ice        3%         N/A       100%        5
 Silence                  Hex/Air        3%         N/A       100%        5
 Summon Mana Viper        Hex/Summ       6%         N/A       100%        5
 Invisibility             Hex            6%         N/A       100%        6
 Shadow Creatures         Summ           N/A        N/A       100%        6
 Simulacrum               Ice/Necr       3%         N/A       100%        6
 Haunt                    Necr/Summ      3%         N/A       100%        7
 Malign Gateway           Summ/Tloc      7%         N/A       100%        7
 Monstrous Menagerie      Summ           3%         N/A       100%        7
 Ozocubu's Refrigeration  Ice            3%         4d5       100%        7
 Summon Hydra             Summ           3%         N/A       100%        7
 Disjunction              Tloc           11%        N/A       100%        8
 Ignition                 Fire           3%         3d4       100%        8
 Summon Horrible Things   Summ           3%         N/A       100%        8
 Dragon's Call            Summ           3%         N/A       100%        9
 Shatter                  Erth           15%        3d15*     100%        9


Dungeon Overview and Level Annotations

Branches:
Dungeon (15/15)            Temple (1/1) D:5            Lair (6/6) D:11
 Shoals (4/4) Lair:4        Snake (4/4) Lair:3        Slime (5/5) Lair:5
    Orc (2/2) D:11            Elf (3/3) Orc:2        Vaults (5/5) D:14
  Crypt (0/3) Vaults:3     Depths (5/5) D:15            Zot (5/5) Depths:5
  Sewer (visited)         Volcano (visited)

Altars:
Ashenzari
Dithmenos
Hepliaklqana
Kikubaaqudgha
Makhleb
Nemelex Xobeh
Okawaru
Ru
Trog
Uskayaw
Vehumet
Wu Jian
Xom
Zin
Jiyva

Shops:
D:7 *   D:11 !   D:13 *   D:15 [   Orc:1 [   Orc:2 *[(?   Shoals:2 *
Shoals:4 [   Snake:3 *   Snake:4 [[:   Vaults:1 :   Vaults:2 (   Vaults:3 :
Vaults:5 ?   Zot:1 *   Depths:3 (*   Depths:4 =::

Portals:
Hell: Depths:1 Depths:2 Depths:3 Depths:4 Depths:5
Abyss: Depths:4 Depths:5
Pandemonium: Depths:3 Depths:4
Ziggurat: Depths:5

Annotations:
Lair:4 +2 tower sh


Innate Abilities, Weirdness & Mutations

You have a beak for a mouth.
You have claws for feet.
You can fly continuously.
You are clumsy. (Dex -2)
Your flesh is cold resistant. (rC+)
You have an increased reservoir of magic. (+10% MP)
You are resistant to electric shocks. (rElec)
You do not regenerate when monsters are visible.
You expend magic power (3 MP) to strengthen your wands.


Message History

An Orb Guardian comes into view.
There is a stone staircase leading up here.
You fly upwards.
There is a stone staircase leading down here.
(D) Dungeon (T) Temple (L) Lair (A) Shoals (P) Snake Pit (M) Slime Pits (O) Orcish Mines (E) Elven Halls (V) Vaults (C) Crypt (U) Depths (H) Hell (Z) Zot
Where to? (Enter - D:1 @ (x,y), ? - help)
There is a stone staircase leading up here.
You fly upwards.
There is a stone staircase leading down here.
There is a stone staircase leading up here.
You fly upwards.
There is a stone staircase leading down here.
An Orb Guardian comes into view.
You throw a boomerang. The boomerang hits the Orb Guardian!
The Orb Guardian is lightly wounded.
You throw a boomerang. The boomerang hits the Orb Guardian!
The Orb Guardian is moderately wounded.
You throw a boomerang.
The boomerang hits the Orb Guardian but does no damage.
The Orb Guardian is moderately wounded.
You throw a boomerang. The boomerang hits the Orb Guardian!
The Orb Guardian is heavily wounded.
You throw a boomerang. The boomerang hits the Orb Guardian!!!
The Orb Guardian is almost dead.
You throw a boomerang. The boomerang hits the Orb Guardian!
The Orb Guardian is almost dead.
You throw a boomerang. The boomerang hits the Orb Guardian!!!
You kill the Orb Guardian!
The Council accepts your kill.
(D) Dungeon (T) Temple (L) Lair (A) Shoals (P) Snake Pit (M) Slime Pits (O) Orcish Mines (E) Elven Halls (V) Vaults (C) Crypt (U) Depths (H) Hell (Z) Zot
Where to? (Enter - D:1 @ (x,y), ? - help)
You see here a +0 dagger.
There is a staircase leading out of the dungeon here.
You have escaped!

..###########.################.#
..#########...........# #.#
........)...#.........########.#
..##)......).................#.#
####.P≈≈≈≈≈≈≈≈P...P≈≈≈≈≈≈≈≈P.#.#
# #.≈≈≈≈≈≈≈≈≈≈...≈≈≈≈≈≈≈≈≈≈.#.# #
#.≈≈≈≈≈≈≈≈≈≈...≈≈≈≈≈≈≈≈≈≈.#.# #
#.P≈≈≈≈≈≈≈≈.....≈≈≈≈≈≈≈≈P.#.# #
#.)..........@............#.# #
#.P≈≈≈≈≈≈≈≈.....≈≈≈≈≈≈≈≈P.#.# #
#.≈≈≈≈≈≈≈≈≈≈...≈≈≈≈≈≈≈≈≈≈...# #
##.≈≈≈≈≈≈≈≈≈≈...≈≈≈≈≈≈≈≈≈≈...## #
#..P≈≈≈≈≈≈≈≈P...P≈≈≈≈≈≈≈≈P....#
###...........................###
.......[.########.######......#
########..........# ########
##########.#


There were no monsters in sight!

Vanquished Creatures
  2 orbs of fire (Zot:5)
  4 dread liches
  6 ancient liches
  2 juggernauts
  The ghost of Ushrapnor the Conqueror, a legendary GrFi of the Shining One (Zot:3)
  Boris (Vaults:4)
  6 Killer Klowns
  The ghost of Raydo the Imperceptible, an adept NaIE of Vehumet (Depths:1)
  Vashnia (Snake:4)
  Saint Roka (Depths:5)
  6 caustic shrikes
  6 curse toes
  Nikola (Snake:1)
  13 golden dragons
  Jory (Depths:5)
  A Brimstone Fiend (Zot:3)
  7 electric golems
  15 tentacled monstrosities
  The ghost of Xtruder99 the Bringer of Life, an adept GnVM of Elyvilon (Snake:2)
  Rupert (D:13)
  A Hell Sentinel (Depths:1)
  30 Orb Guardians
  9 titans
  2 deep elf master archers (Elf:3)
  9 liches
  2 deep elf blademasters (Elf:3)
  4 quicksilver dragons
  24 acid blobs
  A kraken (Shoals:2)
  2 ancient champions
  7 sphinxes
  Gastronok (D:10)
  9 death cobs
  15 shadow dragons
  The ghost of Anon1729 the Fighter, an adept HOFi of Ashenzari (Elf:3)
  7 tengu reavers
  Donald (Elf:1)
  12 azure jellies
  15 storm dragons
  2 revenants (Vaults:3)
  Roxanne (Snake:4)
  12 rockslimes
  6 draconian monks
  8 fire giants
  The ghost of Gonzollydolly the Grappler, a journeyman NaTm of Cheibriados (Lair:6)
  14 draconian knights
  A cacodemon (Depths:1)
  2 iron dragons (Depths:4)
  15 nagarajas
  5 draconian scorchers
  8 deep elf sorcerers
  11 frost giants
  19 vault wardens
  An orc warlord (Depths:3)
  7 ghost moths
  2 balrugs
  3 draconian stormcallers
  6 draconian shifters
  Aizul (Snake:4)
  An angel (D:14)
  6 deep elf elementalists
  9 quicksilver oozes
  3 war gargoyles
  23 ironbound preservers
  3 spriggan defenders
  6 draconian annihilators
  The ghost of tsouns the Marksspriggan, an adept SpHu of Okawaru (D:14)
  7 very ugly things
  28 stone giants
  13 deep elf annihilators
  4 vampire knights
  12 white draconians
  7 deep elf demonologists
  6 yellow draconians
  11 dire elephants
  13 purple draconians
  22 red draconians
  7 green draconians
  11 spark wasps
  12 black draconians
  An eidolon (Vaults:3)
  An entropy weaver (shapeshifter) (Vaults:5)
  An entropy weaver (Vaults:3)
  A dire elephant (shapeshifter) (Depths:5)
  8 ettins
  A crystal guardian (Vaults:2)
  3 merfolk javelineers
  The ghost of hackum the Covert, a journeyman FoFi of Okawaru (D:11)
  A green death (Depths:5)
  8 merfolk impalers
  2 ettins (shapeshifter)
  11 fire dragons
  13 deep elf death magi
  13 great orbs of eyes
  5 deep elf high priests
  15 yaktaur captains
  A hell beast (Depths:1)
  Harold (D:7)
  A spectral golden dragon (Zot:3)
  42 vault guards
  3 boulder beetles
  5 rakshasas
  11 hydras
  16 ice dragons
  29 naga warriors
  A peacekeeper (Vaults:2)
  6 spriggan air magi
  3 ironbound thunderhulks
  3 ogre magi
  A catoblepas (Lair:6)
  7 two-headed ogres
  A death knight (D:14)
  8 merfolk aquamancers
  A spectral draconian (Zot:3)
  16 ironbound frosthearts
  8 anacondas
  26 dancing weapons
  6 tengu warriors
  A two-headed ogre (shapeshifter) (Vaults:5)
  3 merfolk avatars
  20 centaur warriors
  A death yak (shapeshifter) (Vaults:5)
  A spectral storm dragon (Zot:2)
  17 deep troll earth magi
  15 deep troll shamans
  2 spriggans (Depths:5)
  4 orc high priests
  7 ironbound beastmasters
  4 shock serpents
  23 naga sharpshooters
  4 hell knights
  9 spriggan berserkers
  11 iron trolls
  16 deep elf knights
  A spectral white draconian (Zot:3)
  3 salamander mystics
  5 skeletal warriors
  10 sea snakes
  6 naga ritualists
  A glowing orange brain (shapeshifter) (Elf:1)
  13 wizards
  5 glowing orange brains
  An obsidian statue (Zot:5)
  88 deep trolls
  An infernal demonspawn (Depths:2)
  5 unseen horrors
  12 lindwurms
  19 ironbound convokers
  12 deep elf archers
  7 orc knights
  26 harpies
  An orb spider (shapeshifter) (Vaults:5)
  10 mana vipers
  11 necromancers
  25 deep elf pyromancers
  26 deep elf zephyrmancers
  51 ugly things
  3 phantasmal warriors
  9 orc sorcerers
  The ghost of adept the Blocker, a novice FoFi of Okawaru (D:6)
  A tengu skeleton (Depths:1)
  11 oklob plants (Zot:4)
  A shining eye (shapeshifter) (Depths:3)
  3 fauns
  37 moths of wrath
  9 elephants
  5 shining eyes
  12 manticores
  25 salamanders
  8 merfolk sirens
  8 cyclopes
  A stone giant skeleton (Depths:1)
  A rust devil (Depths:1)
  26 vault sentinels
  8 water nymphs
  29 black mambas
  27 naga magi
  11 guardian serpents
  A smoke demon (Depths:1)
  A torpor snail (shapeshifter) (Vaults:1)
  16 cane toads
  2 eyes of devastation
  Maggie (Lair:2)
  A frost giant skeleton (Depths:1)
  An orange demon (Depths:5)
  A centaur skeleton (D:13)
  A storm dragon simulacrum (Zot:3)
  A spriggan zombie (Depths:1)
  A spriggan skeleton (Depths:1)
  Psyche (D:10)
  A komodo dragon (shapeshifter) (Elf:3)
  3 rime drakes
  3 tengu conjurers
  43 yaktaurs
  3 kobold demonologists (D:10)
  2 ice devils (Depths:1)
  19 komodo dragons
  3 hellwings
  A freezing wraith (D:14)
  3 red devils
  27 merfolk
  A golden dragon simulacrum (Zot:3)
  2 queen bees
  A queen bee (shapeshifter) (D:10)
  A silent spectre (Depths:2)
  11 trolls
  5 hornets
  7 meliai
  11 wind drakes
  2 polar bears (Lair:5)
  3 spectral moths of wrath (Zot:3)
  A stone giant simulacrum (Depths:1)
  3 blink frogs (Lair:6)
  134 slime creatures
  14 dream sheep
  10 snapping turtles
  3 redbacks (Vaults:3)
  A wyvern (shapeshifter) (Depths:5)
  A vampire (D:10)
  5 air elementals
  3 ettin skeletons (Vaults:3)
  23 water elementals
  4 wraiths
  8 basilisks
  A tarantella (Vaults:3)
  10 wyverns
  51 yaks
  2 ynoxinuls
  7 fire bats (Volcano)
  A fire elemental (Elf:1)
  13 golden eyes
  2 steam dragons
  5 vampire mosquitoes
  A human simulacrum (Vaults:3)
  A neqoxec (Depths:1)
  95 nagas
  A white draconian simulacrum (Zot:3)
  12 wargs
  A soldier ant (D:12)
  3 hell hounds
  2 acid dragons
  19 water moccasins
  2 floating eyes
  A moth of wrath simulacrum (Zot:3)
  2 ice beasts
  36 orc warriors
  4 black bears
  2 sky beasts
  10 ogres
  3 necrophages
  3 boggarts
  15 centaurs
  3 human skeletons (Vaults:3)
  2 phantoms
  17 bullfrogs
  18 kobold brigands
  2 wyvern zombies
  5 earth elementals
  8 scorpions
  A wyvern skeleton (D:11)
  25 killer bees
  9 wights
  4 howler monkeys (D:8)
  4 electric eels
  3 centaur zombies
  A quasit (D:13)
  A bullfrog zombie (D:11)
  2 bullfrog skeletons
  12 jellies
  2 gnoll shamans
  22 orc priests
  6 hounds
  4 hell rats (Lair:6)
  5 iguanas
  22 orc wizards
  6 worker ants
  A hound zombie (D:5)
  2 hound skeletons
  19 adders
  13 gnolls
  2 river rats (D:5)
  A howler monkey skeleton (D:11)
  A shadow imp (D:10)
  2 ufetubi (D:8)
  An ooze (shapeshifter) (Vaults:5)
  5 oozes
  An adder skeleton (D:6)
  13 worms
  A dart slug (D:1)
  8 leopard geckos
  84 orcs
  6 bats
  3 giant cockroaches
  7 hobgoblins
  11 jackals
  4 quokkas
  6 ball pythons
  9 frilled lizards
  2 giant cockroach zombies
  3 goblins (D:1)
  43 kobolds
  A quokka skeleton (D:8)
  12 rats
  2 tentacles (Shoals:2)
2695 creatures vanquished.

Vanquished Creatures (collateral kills)
  An iguana (D:10)
  A leopard gecko (D:10)
2 creatures vanquished.

Vanquished Creatures (others)
  A stone giant (Depths:1)
  A deep elf archer (Elf:1)
  2 deep elf pyromancers (Elf:1)
  2 wyverns (Volcano)
  A water elemental (Depths:3)
  4 steam dragons (Volcano)
  An orc warrior (Vaults:5)
  A jelly (Depths:5)
  2 gnolls (D:2)
  An orc (Depths:5)
  A hobgoblin (D:2)
  38 fungi
  215 plants
  6 tentacles (Shoals:2)
276 creatures vanquished.

Grand Total: 2973 creatures vanquished

Notes
Turn   | Place    | Note
-------+----------+-------------------------------------------
     0 | D:1      | Ge0ff the Tengu Fighter began the quest for the Orb.
     0 | D:1      | Reached XP level 1. HP: 14/14 MP: 2/2
   145 | D:1      | Reached skill level 1 in Dodging
   148 | D:1      | Reached XP level 2. HP: 19/19 MP: 3/3
   607 | D:1      | Reached XP level 3. HP: 15/23 MP: 4/4
  1663 | D:2      | Reached XP level 4. HP: 17/28 MP: 5/5
  3300 | D:3      | Reached skill level 5 in Long Blades
  3300 | D:3      | Gained mutation: You can fly continuously. [Tengu growth]
  3300 | D:3      | Reached XP level 5. HP: 25/32 MP: 6/6
  3983 | D:3      | Found an ornate altar of the Wu Jian Council.
  4072 | D:3      | Became a worshipper of the Wu Jian Council
  5060 | D:3      | Found an ornate altar of the Wu Jian Council.
  5777 | D:4      | Reached XP level 6. HP: 37/37 MP: 7/7
  6089 | D:5      | Entered Level 5 of the Dungeon
  6152 | D:5      | Reached skill level 1 in Evocations
  6342 | D:5      | Found a glowing drain.
  6346 | Sewer    | Entered a sewer
  6492 | Sewer    | Reached XP level 7. HP: 34/41 MP: 8/8
  7002 | D:5      | Reached * piety under Wu Jian
  7344 | D:5      | Found a hazy altar of Hepliaklqana.
  7345 | D:5      | Found a shadowy altar of Dithmenos.
  7345 | D:5      | Noticed a shadow
  7537 | D:5      | Found a staircase to the Ecumenical Temple.
  7543 | Temple   | Entered the Ecumenical Temple
  8041 | D:6      | Reached skill level 1 in Throwing
  8041 | D:6      | Reached XP level 8. HP: 42/48 MP: 9/9
  8488 | D:6      | Reached skill level 5 in Shields
  8860 | D:6      | Found a runed translucent gate.
  8861 | D:6      | Found a runed translucent gate.
  8861 | D:6      | Noticed adept's ghost (novice FoFi)
  8862 | D:6      | Found a runed translucent gate.
  9253 | D:7      | Found Zyhawk's Elemental Accessories.
  9321 | D:6      | HP: 2/48 [orc priest/divine providence (15)]
  9335 | D:6      | Reached ** piety under Wu Jian
 10004 | D:7      | Found a radiant altar of Vehumet.
 10005 | D:7      | Found a bloodstained altar of Trog.
 10106 | D:7      | Reached skill level 5 in Fighting
 10228 | D:7      | HP: 1/49 [orc priest/divine providence (16)]
 10671 | D:7      | Identified the +4 hunting sling "Furac" {venom, rF+ Dex+5}
 10722 | D:7      | Reached XP level 9. HP: 54/54 MP: 10/10
 10864 | D:7      | Noticed Harold
 10886 | D:7      | Killed Harold
 11188 | D:8      | Reached skill level 5 in Slings
 12000 | D:8      | Reached skill level 5 in Armour
 12355 | D:8      | Reached XP level 10. HP: 58/61 MP: 11/11
 12412 | D:8      | Reached *** piety under Wu Jian
 13454 | D:9      | Found a glowing silver altar of Zin.
 13474 | D:10     | Entered Level 10 of the Dungeon
 14751 | D:10     | Noticed Psyche
 14755 | D:10     | Killed Psyche
 14756 | D:10     | Reached skill level 5 in Evocations
 14760 | D:9      | Reached **** piety under Wu Jian
 15006 | D:10     | Noticed Gastronok
 15166 | D:10     | Killed Gastronok
 15167 | D:10     | Reached skill level 5 in Dodging
 15167 | D:10     | Reached XP level 11. HP: 62/68 MP: 12/12
 15592 | D:10     | Noticed a manticore
 15597 | D:10     | Killed a manticore
 15621 | D:10     | Noticed a green ugly thing
 15702 | D:10     | Killed a green ugly thing
 15751 | D:10     | Identified the ring "Meaps" {Ice rElec Will- Str+10 Int-2}
 15754 | D:10     | Found a runed translucent door.
 15754 | D:10     | Found a runed translucent door.
 15754 | D:10     | Identified the ring of Piuqah {rC+ Will+ Stlth+}
 15769 | D:10     | Identified the ring of Batt {MP+9 Int+6}
 15772 | D:10     | Identified the ring "Giekitt" {*Slow rElec rPois rF+}
 16441 | D:10     | Noticed a cyclops
 16449 | D:10     | Killed a cyclops
 16729 | D:7      | Bought a tin of tremorstones (2/2) for 400 gold pieces
 16808 | D:6      | Killed adept's ghost
 16809 | D:6      | Reached skill level 10 in Fighting
 17123 | D:11     | Noticed a two-headed ogre
 17140 | D:11     | Killed a two-headed ogre
 17141 | D:11     | Reached skill level 10 in Long Blades
 17202 | D:11     | Found a runed translucent gate.
 17202 | D:11     | Found a runed translucent gate.
 17202 | D:11     | Found a runed translucent gate.
 17213 | D:11     | Noticed an 11-headed hydra
 17214 | D:11     | Noticed hackum's ghost (journeyman FoFi)
 17319 | D:11     | Reached skill level 1 in Short Blades
 17319 | D:11     | Reached XP level 12. HP: 77/77 MP: 13/13
 17464 | D:11     | Found a staircase to the Lair.
 17885 | D:11     | Found Lyucvu's Distillery.
 17904 | D:11     | Bought a potion of berserk rage for 75 gold pieces
 18077 | D:11     | Found a broken altar of Ashenzari.
 18081 | D:11     | Saw a vision of the Shoals and the Snake Pit.
 18081 | D:11     | Noticed a shock serpent
 18081 | D:11     | Noticed a naga warrior
 18274 | D:11     | Found a staircase to the Orcish Mines.
 18391 | D:12     | Reached ***** piety under Wu Jian
 18574 | D:12     | Noticed a two-headed ogre
 18589 | D:12     | Killed a two-headed ogre
 18696 | D:12     | Found a burning altar of Makhleb.
 18866 | D:12     | Reached skill level 5 in Short Blades
 19709 | D:12     | Identified the +8 rapier "Bionuar" {holy, Stlth+}
 19968 | Lair:1   | Entered Level 1 of the Lair of Beasts
 20063 | Lair:1   | Found a dark tunnel.
 20185 | Volcano  | Entered a volcano
 20259 | Volcano  | Noticed a two-headed ogre
 20297 | Volcano  | Killed a two-headed ogre
 20409 | Volcano  | Noticed a two-headed ogre
 20417 | Volcano  | Killed a two-headed ogre
 20465 | Volcano  | Reached skill level 10 in Short Blades
 20465 | Volcano  | Reached XP level 13. HP: 47/82 MP: 14/14
 20820 | Volcano  | Noticed a fire dragon
 20843 | Volcano  | Killed a fire dragon
 21559 | Lair:1   | Identified a scroll of acquirement
 21559 | Lair:1   | Acquired 702 gold pieces
 23484 | Lair:2   | Noticed Maggie
 23499 | Lair:2   | Killed Maggie
 24097 | Lair:3   | Found a staircase to the Snake Pit.
 25704 | Lair:4   | Acquired 1108 gold pieces
 26120 | Lair:4   | Found a staircase to the Shoals.
 26135 | Lair:4   | Reached skill level 10 in Shields
 26403 | Lair:5   | Reached XP level 14. HP: 88/88 MP: 15/15
 26700 | Lair:5   | Found a staircase to the Slime Pits.
 28005 | Lair:6   | Entered Level 6 of the Lair of Beasts
 28715 | Lair:6   | Reached skill level 10 in Armour
 30079 | Lair:6   | Found a runed translucent door.
 30080 | Lair:6   | Noticed Gonzollydolly's ghost (journeyman NaTm)
 30469 | Lair:6   | Killed Gonzollydolly's ghost
 30745 | Lair:6   | Noticed a dire elephant
 30761 | Lair:6   | Killed a dire elephant
 30800 | Lair:6   | Noticed a dire elephant
 30800 | Lair:6   | Noticed a dire elephant
 30806 | Lair:6   | Killed a dire elephant
 30808 | Lair:6   | Identified the +12 rapier "Lokepe" {vorpal, *Corrode Int+5}
 30809 | Lair:6   | Killed a dire elephant
 30813 | Lair:6   | Identified the ring "Nyps" {+Fly rElec rN++ Str-4 SInv}
 31049 | Lair:6   | Noticed a dire elephant
 31064 | Lair:6   | Noticed a dire elephant
 31067 | Lair:6   | Killed a dire elephant
 31081 | Lair:6   | Killed a dire elephant
 31082 | Lair:6   | Reached XP level 15. HP: 80/92 MP: 13/16
 31589 | D:11     | Killed hackum's ghost
 31653 | Orc:1    | Entered Level 1 of the Orcish Mines
 31683 | Orc:1    | Found Osops's Armour Boutique.
 31793 | Orc:1    | Bought the +10 plate armour of Lufonk {rPois Regen+ Stlth+}
                  | for 1044 gold pieces
 32183 | Orc:2    | Entered Level 2 of the Orcish Mines
 32252 | Orc:2    | Found an iron altar of Okawaru.
 32284 | Orc:2    | Found a staircase to the Elven Halls.
 33045 | Orc:2    | Found Zecs's Armour Shop.
 33048 | Orc:2    | Found Cuifado's Magic Scroll Emporium.
 33053 | Orc:2    | Found Idutt's Weapon Emporium.
 33092 | Orc:2    | Found Juziqain's General Store.
 33122 | Orc:2    | Bought 5 silver javelins for 180 gold pieces
 33122 | Orc:2    | Bought the +9 rapier of Valour {elec, +Rage rC+} for 1087
                  | gold pieces
 33210 | Orc:1    | Bought a +2 pair of gloves of dexterity for 258 gold pieces
 33482 | D:13     | Found Viraq's Assorted Antiques.
 33499 | D:13     | Bought a scroll labelled JIGREY SUEFAG for 26 gold pieces
 33684 | D:13     | Noticed Rupert
 33852 | Orc:2    | Bought a scroll of immolation for 49 gold pieces
 34043 | D:13     | Killed Rupert
 34561 | D:13     | Reached ****** piety under Wu Jian
 34886 | D:14     | Found a gate to the Vaults.
 34900 | D:14     | Reached XP level 16. HP: 93/100 MP: 14/17
 35150 | D:14     | Noticed tsouns's ghost (adept SpHu)
 35217 | D:14     | Found a transporter.
 35221 | D:14     | Found a transporter.
 35225 | D:14     | Identified the +2 hunting sling "Olaefaor" {flame, Str+4
                  | Int+2}
 35259 | D:14     | Killed tsouns's ghost
 35280 | D:14     | Identified the +0 robe of Doaq Xotiaqi {+Blink rF- Str-3
                  | Int+8}
 35830 | D:15     | Entered Level 15 of the Dungeon
 35830 | D:15     | Found Ifif's Antique Armour Emporium.
 36344 | D:15     | Found a staircase to the Depths.
 36761 | Snake:1  | Entered Level 1 of the Snake Pit
 36809 | Snake:1  | Found a hide-covered altar of Uskayaw.
 36961 | Snake:1  | Reached skill level 1 in Spellcasting
 37106 | Snake:1  | Noticed Nikola
 37111 | Snake:1  | Killed Nikola
 37173 | Snake:1  | Reached skill level 5 in Throwing
 37469 | Snake:2  | Reached skill level 15 in Shields
 37536 | Snake:2  | Reached XP level 17. HP: 106/106 MP: 21/21
 37992 | Snake:2  | Found a runed translucent door.
 37992 | Snake:2  | Noticed Xtruder99's ghost (adept GnVM)
 38425 | Snake:3  | Found Petup's Practical Paraphernalia.
 38510 | Snake:3  | Bought the ring "Xyryo" {+Inv rN+ Will+ AC+4 Int+2} for
                  | 1088 gold pieces
 38766 | Snake:3  | Identified Cungih's Incunabulum of the Arsonist and Cold
 38986 | Snake:4  | Entered Level 4 of the Snake Pit
 38986 | Snake:4  | Noticed Roxanne
 39003 | Snake:4  | Killed Roxanne
 39029 | Snake:4  | Noticed Vashnia
 39038 | Snake:4  | Noticed Aizul
 39043 | Snake:4  | Reached skill level 10 in Evocations
 39050 | Snake:4  | Killed Aizul
 39062 | Snake:4  | Killed Vashnia
 39239 | Snake:4  | Found Firch's Antique Armour Boutique.
 39413 | Snake:4  | Found Mowiesch's Armour Shop.
 39502 | Snake:4  | Reached XP level 18. HP: 60/114 MP: 15/23
 39767 | Snake:4  | Found Wiwnodid's Book Emporium.
 40267 | Snake:4  | Got a serpentine rune of Zot
 40478 | Snake:4  | Reached skill level 15 in Evocations
 40786 | Snake:4  | Bought a shiny kite shield for 277 gold pieces
 40930 | Shoals:1 | Entered Level 1 of the Shoals
 41233 | Shoals:1 | Reached skill level 10 in Dodging
 41238 | Shoals:1 | Found an iron altar of Okawaru.
 41294 | Shoals:1 | Reached XP level 19. HP: 104/119 MP: 24/24
 41880 | Shoals:2 | Found Pasa Gie's General Store.
 43401 | Shoals:4 | Entered Level 4 of the Shoals
 43487 | Shoals:4 | Reached skill level 10 in Throwing
 43618 | Shoals:4 | Identified the ring "Zojen" {rElec rF+ rC+ rN+ Dex+6
                  | Slay+3}
 44001 | Shoals:4 | Found Conuvvom's Armour Boutique.
 44083 | Shoals:4 | Identified the +6 trident of Pimigubi {freeze, rPois rN+
                  | Stlth+}
 44239 | Shoals:4 | Got a barnacled rune of Zot
 45013 | Elf:1    | Entered Level 1 of the Elven Halls
 45660 | Elf:1    | Reached XP level 20. HP: 125/127 MP: 25/25
 45964 | Elf:1    | Acquired 297 gold pieces
 46257 | Snake:4  | Bought a scorched kite shield for 351 gold pieces
 46257 | Snake:4  | Identified the +0 kite shield of Woroh {rElec Will++ Dex+3}
                  | (You bought it in a shop on level 4 of the Snake Pit)
 46983 | Elf:1    | Noticed Donald
 46992 | Elf:1    | Killed Donald
 47225 | Elf:2    | Found an ancient bone altar of Kikubaaqudgha.
 47762 | Elf:2    | Found a runed translucent door.
 47789 | Elf:2    | Found a runed translucent door.
 48592 | Elf:3    | Entered Level 3 of the Elven Halls
 48813 | Elf:3    | Found a runed translucent door.
 48813 | Elf:3    | Found a shimmering altar of Xom.
 48813 | Elf:3    | Noticed Anon1729's ghost (adept HOFi)
 48813 | Elf:3    | Identified the +10 scimitar "Melegif" {chaos, rPois rF+
                  | Int+4 Dex-3}
 48885 | Elf:3    | Killed Anon1729's ghost
 49209 | Elf:3    | Reached skill level 15 in Fighting
 49220 | Elf:3    | Reached XP level 21. HP: 85/134 MP: 26/26
 49231 | Elf:3    | Reached skill level 15 in Armour
 49346 | Elf:3    | Identified the +3 flail "Juics" {venom, rN+ Will+ Str-4}
 49408 | Elf:3    | Identified the +1 robe "Unelyc" {rF+ Str+4}
 49437 | Elf:3    | Identified the +3 spear of the Trees {venom, +Rage +Inv rF-
                  | rC+}
 49441 | Elf:3    | Identified the +0 ring mail of the Hart {Regen+}
 49470 | Elf:3    | Identified the Catalogue of Cloudy Unholy Arts
 49475 | Elf:3    | Identified the ring of Insomnia {rN+ rCorr}
 50137 | Vaults:1 | Entered Level 1 of the Vaults
 50207 | Vaults:1 | Reached skill level 15 in Throwing
 50670 | Vaults:1 | Found Nalun's Book Shop.
 51532 | Vaults:1 | Reached XP level 22. HP: 142/142 MP: 27/27
 51914 | Vaults:2 | Noticed an ancient lich
 51925 | Vaults:2 | Killed an ancient lich
 52105 | Vaults:2 | Found a transporter.
 52107 | Vaults:2 | Found a radiant altar of Vehumet.
 52332 | Vaults:2 | Noticed an ancient lich
 52458 | Vaults:2 | Found a portal to a secret trove of treasure.
 52880 | Vaults:2 | Found Wyrghu Roll's Antique Weapon Shoppe.
 52970 | Vaults:2 | Identified the +2 pair of gloves of Weightlessness {rF+
                  | Int+6 Slay-5 Stlth-}
 53099 | Vaults:2 | Found a transporter.
 53132 | Vaults:2 | Identified the Papyrus of the Snowflakes and the Arsonist
 53141 | Vaults:2 | Killed an ancient lich
 53281 | Vaults:3 | Reached XP level 23. HP: 150/150 MP: 28/28
 53503 | Vaults:3 | Identified the ring "Katareng" {Int+5 Dex+6}
 54276 | Vaults:3 | Found Defajor's Book Emporium.
 54284 | Vaults:3 | Bought a book of Minor Magic for 280 gold pieces
 54419 | Vaults:3 | Found a staircase to the Crypt.
 54785 | Vaults:3 | Learned a level 1 spell: Apportation
 54788 | Vaults:3 | Learned a level 2 spell: Blink
 54988 | Vaults:4 | Reached skill level 1 in Translocations
 54989 | Vaults:4 | Reached skill level 15 in Dodging
 56032 | Vaults:5 | Entered Level 5 of the Vaults
 56042 | Vaults:5 | Reached skill level 5 in Spellcasting
 56042 | Vaults:5 | Noticed a dread lich
 56047 | Vaults:5 | Reached XP level 24. HP: 149/159 MP: 31/31
 56082 | Vaults:4 | Learned a level 5 spell: Irradiate
 56103 | Vaults:4 | Killed a dread lich
 56104 | Vaults:4 | Reached skill level 1 in Conjurations
 56104 | Vaults:4 | Reached skill level 1 in Transmutations
 56351 | Vaults:4 | Noticed Boris
 56360 | Vaults:4 | Killed Boris
 56741 | Vaults:5 | Reached skill level 5 in Translocations
 56825 | Vaults:5 | Found Zoiriz's Magic Scroll Shop.
 57076 | Vaults:5 | Reached skill level 5 in Conjurations
 57591 | Vaults:5 | Identified the +0 cloak of Boiling Hail {Regen+ rCorr
                  | Str+5}
 57597 | Vaults:5 | Identified the +3 spear "Luonoutz" {vorpal, Dex+4}
 57599 | Vaults:5 | Identified the Grimoire of Summoning and Ice
 57732 | Vaults:5 | Identified the ring "Bafutwor" {rCorr Int+2}
 57755 | Vaults:5 | Reached XP level 25. HP: 164/164 MP: 34/34
 57933 | Vaults:5 | Got a silver rune of Zot
 57936 | Vaults:5 | Identified Favicej's Guide on Shape Shifting and Ignition
 58624 | Slime:1  | Entered Level 1 of the Pits of Slime
 59480 | Slime:4  | Reached skill level 5 in Transmutations
 59620 | Slime:5  | Entered Level 5 of the Pits of Slime
 59874 | Slime:4  | Found a viscous altar of Jiyva.
 60068 | Slime:5  | Gained mutation: You are weak. (Str -2) [a shining eye]
 60074 | Slime:5  | Noticed the Royal Jelly
 60232 | Slime:5  | Found a viscous altar of Jiyva.
 60240 | Slime:5  | Found the +7 mace of Variability {chain chaos}
 60329 | Slime:5  | Noticed a titan shaped Royal Jelly
 60329 | Slime:5  | the Royal Jelly changed into a titan shaped Royal Jelly
 60334 | Slime:5  | Killed a titan shaped Royal Jelly
 60600 | Slime:5  | Got a slimy rune of Zot
 60614 | Slime:5  | Identified the +4 quarterstaff of the Valley of Death
                  | {flame, Will+ MP+9}
 60624 | Slime:5  | Identified the amulet "Qeveoxo" {RegenMP rC+ Str-5 Int+4
                  | Dex+3}
 60649 | Slime:5  | Identified the +0 plate armour of the Exceptional Wumpus
                  | {Str+4}
 60661 | Slime:5  | Identified the +6 broad axe of Egurauhe {vorpal, *Drain
                  | rPois rC+ Str+4}
 60668 | Slime:5  | Identified the +0 ring mail "Xiank" {Rampage *Corrode Will-
                  | Slay+5}
 60682 | Slime:5  | Identified the +9 morningstar of Incongruity {freeze,
                  | Str+4}
 60883 | Snake:2  | Killed Xtruder99's ghost
 60887 | Snake:2  | Identified the +1 chain mail "Woirusot" {rC+ Str+2 SInv
                  | Stlth-}
 61139 | Depths:1 | Entered Level 1 of the Depths
 61227 | Depths:1 | Noticed a juggernaut
 61247 | Depths:1 | Killed a juggernaut
 61398 | Depths:1 | Reached XP level 26. HP: 172/172 MP: 37/37
 61439 | Depths:1 | Reached skill level 10 in Conjurations
 61481 | Depths:1 | Identified the +13 plate armour "Umacwaud" {*Corrode rPois
                  | rC+ Str+4}
 61642 | Depths:1 | Found a gateway to Hell.
 62117 | Depths:1 | Found a runed translucent gate.
 62117 | Depths:1 | Found a runed translucent gate.
 62117 | Depths:1 | Found a runed translucent gate.
 62117 | Depths:1 | Noticed Raydo's ghost (adept NaIE)
 62250 | Depths:1 | Killed Raydo's ghost
 62337 | Depths:1 | Identified Moudwait's Collected Works on Frigorific
                  | Poisoning
 62344 | Depths:1 | Lost mutation: You are weak. (Str -2) [potion of mutation]
 62344 | Depths:1 | Gained mutation: You are frail. (-10% HP) [potion of
                  | mutation]
 62344 | Depths:1 | Gained mutation: Your magical capacity is low. (-10% MP)
                  | [potion of mutation]
 62344 | Depths:1 | Gained mutation: You are resistant to electric shocks.
                  | (rElec) [potion of mutation]
 62345 | Depths:1 | Lost mutation: You are frail. (-10% HP) [potion of
                  | mutation]
 62345 | Depths:1 | Lost mutation: Your magical capacity is low. (-10% MP)
                  | [potion of mutation]
 62345 | Depths:1 | Gained mutation: You possess an exceptional clarity of
                  | mind. [potion of mutation]
 62345 | Depths:1 | Gained mutation: You expend magic power (3 MP) to
                  | strengthen your wands. [potion of mutation]
 62345 | Depths:1 | Gained mutation: You are frail. (-10% HP) [potion of
                  | mutation]
 62345 | Depths:1 | Gained mutation: Your skin changes colour to match your
                  | surroundings (Stealth+). [potion of mutation]
 62346 | Depths:1 | Lost mutation: You are frail. (-10% HP) [potion of
                  | mutation]
 62346 | Depths:1 | Lost mutation: You possess an exceptional clarity of mind.
                  | [potion of mutation]
 62346 | Depths:1 | Gained mutation: You occasionally shout uncontrollably at
                  | your foes. [potion of mutation]
 62346 | Depths:1 | Gained mutation: Your system is resistant to poisons.
                  | (rPois) [potion of mutation]
 62346 | Depths:1 | Gained mutation: You evolve. [potion of mutation]
 62586 | Depths:2 | Found a transporter.
 62966 | Depths:2 | Found the +5 robe of Night {Dark Will+ SInv}
 63229 | Depths:3 | Identified the ring "Mogi" {rC+ SInv}
 63643 | Depths:3 | Reached skill level 10 in Spellcasting
 63702 | Depths:3 | Found a one-way gate leading to the halls of Pandemonium.
 63768 | Depths:3 | Identified the ring "Maduken" {rF++ EV+4}
 63819 | Depths:3 | Found a transporter.
 63965 | Depths:3 | Found a transporter.
 63965 | Depths:3 | Identified the ring of Feywnapi {+Inv +Fly rF+ rC+ Slay+5}
 64042 | Depths:3 | Found Usibenass's Assorted Antiques.
 64051 | Depths:3 | Identified Sif Muna's Papyrus of Dislocated Stones
 64054 | Depths:3 | Bought a bloodstained hat for 342 gold pieces
 64054 | Depths:3 | Identified the +2 hat "Queschie" {-Cast Will+ SInv} (You
                  | bought it in a shop on level 3 of the Depths)
 64078 | Depths:3 | Reached XP level 27. HP: 172/177 MP: 38/38
 64296 | Depths:3 | Found Posigum's Weapon Emporium.
 64405 | Depths:2 | Found a transporter.
 64405 | Depths:2 | Found a runed translucent door.
 64405 | Depths:2 | Found a bloodstained altar of Trog.
 64406 | Depths:2 | Found the +8 Wrath of Trog {antimagic, *Rage}
 64412 | Depths:2 | Noticed a juggernaut
 64431 | Depths:2 | Killed a juggernaut
 64440 | Depths:2 | Identified the +6 chain mail of Beastly Miracles {Rampage
                  | rPois rC- rCorr}
 64686 | Depths:4 | Reached skill level 15 in Short Blades
 64722 | Depths:4 | Found Yhetuken's Jewellery Shop.
 64722 | Depths:4 | Found Fynleewk's Book Emporium.
 64788 | Depths:4 | Found Wubuym's Book Emporium.
 65179 | Depths:4 | Identified the +8 scimitar of Dust {freeze, Dex+4 Stlth+}
 65196 | Depths:4 | You are sucked into a shaft and drop 1 floor!
 65196 | Depths:5 | Entered Level 5 of the Depths
 65211 | Depths:5 | Reached skill level 10 in Transmutations
 65276 | Depths:5 | Reached skill level 15 in Conjurations
 65400 | Depths:5 | Noticed Saint Roka
 65413 | Depths:5 | Noticed Jory
 65581 | Depths:4 | Found a one-way gate to the infinite horrors of the Abyss.
 65613 | Depths:4 | Identified the +7 arbalest "Qihitomunt" {penet, +Blink
                  | Will+ Int+2 Stlth+}
 65802 | Depths:5 | Found a gateway to a ziggurat.
 65973 | Depths:5 | Killed Jory
 66179 | Depths:5 | Found a gate to the Realm of Zot.
 66200 | Depths:5 | Reached skill level 1 in Stealth
 66211 | Depths:5 | Killed Saint Roka
 66577 | D:15     | Bought tiger eye-encrusted shadow dragon scales for 3060
                  | gold pieces
 66577 | D:15     | Identified the +14 shadow dragon scales of the Learner
                  | {Dex+3 Stlth++++} (You bought it in a shop on level 15 of
                  | the Dungeon)
 66577 | D:15     | Bought a warped plate armour for 1008 gold pieces
 66577 | D:15     | Identified the +5 plate armour of the Final Tusks {Stlth+}
                  | (You bought it in a shop on level 15 of the Dungeon)
 66779 | Zot:1    | Entered Level 1 of the Realm of Zot
 66836 | Zot:1    | Found Kaeq's Changing Room.
 67290 | Vaults:2 | You paid a toll of +2 storm dragon scales to enter a
                  | treasure trove
 67291 | Trove    | Entered a treasure trove
 67303 | Trove    | Identified the amulet of Plog {Faith rElec rPois Int+3
                  | Dex-2}
 67311 | Trove    | Identified the +8 shortbow "Ubbelami" {venom, rPois Dex+2}
 67314 | Trove    | Identified the amulet of Psychosis {Spirit rElec Will+
                  | Dex+2}
 67316 | Trove    | Identified the +5 quick blade of Gates {venom, Dex+4}
 67485 | Vaults:5 | Bought a scroll of blinking for 172 gold pieces
 67485 | Vaults:5 | Bought 3 scrolls of blinking for 517 gold pieces
 67485 | Vaults:5 | Bought a scroll of fog for 46 gold pieces
 68432 | Zot:2    | Reached skill level 5 in Stealth
 68873 | Zot:3    | Gained mutation: You are clumsy. (Dex -2) [mutagenic glow]
 68888 | Zot:3    | Gained mutation: You are dopey. (Int -2) [mutagenic glow]
 68898 | Zot:1    | Gained mutation: You tend to lose your temper in combat.
                  | [mutagenic glow]
 69035 | Zot:1    | Lost mutation: You evolve. [potion of mutation]
 69035 | Zot:1    | Lost mutation: You expend magic power (3 MP) to strengthen
                  | your wands. [potion of mutation]
 69035 | Zot:1    | Lost mutation: You occasionally shout uncontrollably at
                  | your foes. [potion of mutation]
 69035 | Zot:1    | Lost mutation: You are dopey. (Int -2) [potion of mutation]
 69035 | Zot:1    | Gained mutation: You are somewhat resistant to further
                  | mutation. [potion of mutation]
 69035 | Zot:1    | Gained mutation: You have a pair of small horns on your
                  | head. [potion of mutation]
 69036 | Zot:1    | Lost mutation: You have a pair of small horns on your head.
                  | [potion of mutation]
 69036 | Zot:1    | Lost mutation: You are clumsy. (Dex -2) [potion of
                  | mutation]
 69036 | Zot:1    | Gained mutation: Your natural rate of healing is unusually
                  | fast. [potion of mutation]
 69037 | Zot:1    | Lost mutation: You are somewhat resistant to further
                  | mutation. [potion of mutation]
 69037 | Zot:1    | Lost mutation: Your natural rate of healing is unusually
                  | fast. [potion of mutation]
 69037 | Zot:1    | Gained mutation: You are agile. (Dex +2) [potion of
                  | mutation]
 69037 | Zot:1    | Gained mutation: Your spells are a little harder to cast,
                  | but a little more powerful. [potion of mutation]
 69089 | Zot:1    | Bought a potion of mutation for 136 gold pieces
 69089 | Zot:1    | Bought a potion of mutation for 136 gold pieces
 69089 | Zot:1    | Lost mutation: You are agile. (Dex +2) [potion of mutation]
 69089 | Zot:1    | Lost mutation: Your spells are a little harder to cast, but
                  | a little more powerful. [potion of mutation]
 69089 | Zot:1    | Lost mutation: You tend to lose your temper in combat.
                  | [potion of mutation]
 69089 | Zot:1    | Lost mutation: Your skin changes colour to match your
                  | surroundings (Stealth+). [potion of mutation]
 69089 | Zot:1    | Gained mutation: You possess an exceptional clarity of
                  | mind. [potion of mutation]
 69089 | Zot:1    | Gained mutation: You have a pair of small horns on your
                  | head. [potion of mutation]
 69472 | Shoals:2 | Bought a potion of curing for 42 gold pieces
 69472 | Shoals:2 | Bought 5 silver javelins for 168 gold pieces
 70081 | Zot:2    | Identified the +1 chain mail "Gawyguh" {Harm rF+}
 70244 | Zot:3    | Found a runed translucent gate.
 70244 | Zot:3    | Found a runed translucent gate.
 70244 | Zot:3    | Found a runed translucent gate.
 70244 | Zot:3    | Noticed Ushrapnor's ghost (legendary GrFi)
 70246 | Zot:3    | Noticed an ancient lich
 70486 | Zot:3    | Killed Ushrapnor's ghost
 70551 | Zot:3    | Killed an ancient lich
 70583 | Zot:2    | Reached skill level 10 in Stealth
 71602 | Vaults:3 | Bought a book of Geomancy for 490 gold pieces
 71609 | Vaults:2 | Learned a level 2 spell: Passwall
 71786 | D:11     | Bought a potion of heal wounds for 75 gold pieces
 71786 | D:11     | Bought a potion of might for 60 gold pieces
 71786 | D:11     | Bought a potion of might for 60 gold pieces
 71786 | D:11     | Bought a potion of resistance for 150 gold pieces
 71786 | D:11     | Bought a potion of curing for 45 gold pieces
 72170 | Zot:3    | Reached skill level 1 in Earth Magic
 72865 | Zot:4    | Reached skill level 5 in Earth Magic
 74126 | Zot:5    | Entered Level 5 of the Realm of Zot
 74586 | Zot:5    | Noticed an ancient lich
 74590 | Zot:5    | Killed an ancient lich
 74682 | Zot:5    | Noticed an orb of fire
 74688 | Zot:5    | Gained mutation: You do not regenerate when monsters are
                  | visible. [an orb of fire]
 74690 | Zot:5    | Gained mutation: You are frail. (-10% HP) [an orb of fire]
 74698 | Zot:5    | Gained mutation: You are weak. (Str -2) [an orb of fire]
 74699 | Zot:5    | Killed an orb of fire
 74876 | Zot:5    | Noticed an orb of fire
 74882 | Zot:5    | Gained mutation: Your spells are a little harder to cast,
                  | but a little more powerful. [an orb of fire]
 74885 | Zot:5    | Gained mutation: You are very frail. (-20% HP) [an orb of
                  | fire]
 74885 | Zot:5    | Noticed a dread lich
 74886 | Zot:5    | Gained mutation: Your body sometimes deteriorates upon
                  | taking damage. [an orb of fire]
 74888 | Zot:5    | Killed an orb of fire
 74889 | Zot:5    | Killed a dread lich
 74902 | Zot:5    | Noticed an ancient lich
 74906 | Zot:5    | Killed an ancient lich
 74910 | Zot:5    | Noticed a dread lich
 74922 | Zot:5    | Noticed an ancient lich
 74931 | Zot:5    | Killed a dread lich
 74933 | Zot:5    | Noticed a dread lich
 74935 | Zot:5    | Killed an ancient lich
 74951 | Zot:5    | Killed a dread lich
 74952 | Zot:5    | Reached skill level 10 in Earth Magic
 76099 | D:11     | Bought a potion of mutation for 120 gold pieces
 76099 | D:11     | Bought a potion of magic for 120 gold pieces
 76099 | D:11     | Bought a potion of ambrosia for 120 gold pieces
 76099 | D:11     | Lost mutation: You are very frail. (-20% HP) [potion of
                  | mutation]
 76099 | D:11     | Lost mutation: You have a pair of small horns on your head.
                  | [potion of mutation]
 76099 | D:11     | Lost mutation: You possess an exceptional clarity of mind.
                  | [potion of mutation]
 76099 | D:11     | Gained mutation: Your flesh is cold resistant. (rC+)
                  | [potion of mutation]
 76100 | D:11     | Lost mutation: You are frail. (-10% HP) [potion of
                  | mutation]
 76100 | D:11     | Lost mutation: You are weak. (Str -2) [potion of mutation]
 76100 | D:11     | Gained mutation: You are clumsy. (Dex -2) [potion of
                  | mutation]
 76100 | D:11     | Gained mutation: You expend magic power (3 MP) to
                  | strengthen your wands. [potion of mutation]
 76101 | D:11     | Lost mutation: Your spells are a little harder to cast, but
                  | a little more powerful. [potion of mutation]
 76101 | D:11     | Lost mutation: Your body sometimes deteriorates upon taking
                  | damage. [potion of mutation]
 76101 | D:11     | Lost mutation: Your system is resistant to poisons. (rPois)
                  | [potion of mutation]
 76101 | D:11     | Gained mutation: You have an increased reservoir of magic.
                  | (+10% MP) [potion of mutation]
 76500 | Zot:5    | Got the Orb of Zot
 76543 | Zot:3    | Noticed Damaw the pandemonium lord
 77080 | D:$      | Escaped with the Orb!

Illustrated notes

Levels and vault maps discovered:
D:1:      giann_bridges, layout_basic, minmay_splitting_lines, minivault_24,
          minmay_pentomino_u2
D:2:      layout_loops_corners, lemuel_old_faithful
D:3:      layout_loops_ring, nzn_wu_jian_council_hall, nrook_uturn,
          skrybe_limestone_x
D:4:      layout_rooms, serial_co_window_serial, co_window_cross_1,
          co_window_paths_a, co_window_corner_a, co_window_paths_b,
          co_window_corner_a, co_window_cross_1, co_window_corner_b,
          co_window_corner_ca, co_window_broadway_c, co_window_paths_d,
          glass_columns_a, glass_columns_a, glass_columns_a
D:5:      layout_rooms, riverfiend_overflow_shadow_ancestor,
          minmay_temple_entry_wispy, lightli_sewer_entry_pipes,
          chequers_serial_rivers_micro_c, hex_large, kennysheep_generic_room_2
D:6:      layout_loops_cross, gammafunk_ghost_nasty_kobolds
D:7:      layout_layer_cave, gammafunk_temple_overflow_pools,
          nicolae_elemental_shop, uniq_harold
D:8:      layout_basic
D:9:      layout_long_grid, lemuel_doored_altar
D:10:     minmay_the_grid_triangle_9x9_recursive_2_mashed
          [minmay_the_grid_triangle_9x9_prize_special,
          minmay_the_grid_triangle_9x9_pentomino_pain,
          minmay_the_grid_triangle_9x9_tough_junction,
          minmay_the_grid_triangle_9x9_corruption], layout_basic, special_room
          [special_room_bee], minmay_lizard_king, uniq_gastronok, uniq_psyche
D:11:     layout_rooms, david_lair_generic, orc_0_dummy, serial_shops,
          shop_statue, gammafunk_ghost_hydra_chop,
          hangedman_abyss_or_decor_slice, grunt_ashenzari_visionary
          [grunt_ashenzari_visionary_shoals, grunt_ashenzari_visionary_snake]
D:12:     layout_loops_ring, basic_altar, small_statue_alley_a, nooodl_orcs_dogs
D:13:     layout_roguey, serial_shops, shop, chequers_garden, uniq_rupert
D:14:     layout_basic, erik_vaults_2, gammafunk_ghost_hive,
          infiniplex_staircase_9_rooms, glass_columns_a, minmay_statues_item
D:15:     grunt_enter_depths_snipers, layout_loops_ring, minmay_crystal_water,
          serial_shops, shop
Temple:   lightli_temple_of_artemis
Lair:1:   layout_regular_city, nicolae_volcano_entry_lava_flow
Lair:2:   layout_long_grid, uniq_maggie
Lair:3:   layout_regular_city, minmay_snake_entry_guardpost_small
Lair:4:   layout_misc_corridors, minmay_shoals_entry_centaurs, serial_rivers,
          chequers_serial_rivers_micro_b, chequers_serial_rivers_large_a,
          chequers_serial_rivers_micro_c, chequers_serial_rivers_small_a,
          chequers_serial_rivers_small_b
Lair:5:   layout_layer_cave, minmay_slime_entry_pillars, minivault_19,
          infiniplex_staircase_pool
Lair:6:   due_jungle_book, layout_cave_pods, ebering_ghost_inner_flame,
          serial_bayou_shore_b, serial_bayou_shore_a,
          infiniplex_staircase_pool_2
Shoals:1: nicolae_shoals_island_circles, layout_shoals, lemuel_altar_in_water2
Shoals:2: layout_shoals, serial_shops, shop
Shoals:3: layout_shoals
Shoals:4: shoals_end_grunt_ice, layout_shoals, serial_shops, shop,
          abandoned_shop
Snake:1:  layout_rooms, basic_altar, uniq_nikola
Snake:2:  layout_onion, gammafunk_ghost_grave, grunt_megastairs_4,
          serial_bayou_shore_b
Snake:3:  layout_misc_corridors, drop_trap, nicolae_alphabet_shops, st_stairs_12
Snake:4:  grunt_snake_rune_spirals, layout_onion_interference, serial_shops,
          shop, shop, shop, guppyfry_library_mini, uniq_vashnia, uniq_aizul,
          uniq_roxanne
Slime:1:  layout_caves
Slime:2:  layout_caves
Slime:3:  cheibrodos_slime_lost_civilization_3, layout_caves
Slime:4:  layout_caves, basic_altar
Slime:5
Orc:1:    layout_caves, serial_shops, nicolae_shop_trees
Orc:2:    st_orc_elflike, layout_diamond_mine, okawaru_metal_pillars_1_2
Elf:1:    eino_elf_arrival_the_gate, layout_geoelf_grid,
          minmay_elf_crystal_heptagon, minivault_24, dk_noncrumbling_2,
          uniq_donald
Elf:2:    layout_rooms, basic_altar
Elf:3:    grunt_elf_hall_asides, layout_gridlike, ebering_ghost_xom,
          grunt_ministairs_14
Vaults:1: hangedman_vaults_stream, nicolae_vaults_alarming,
          nicolae_vaults_windows_and_doors_thing, vaults_room_pool, v_rooms_6,
          nicolae_vaults_triangles, nicolae_vaults_theta,
          hangedman_vaults_slice, v_alt_pattern_3, nicolae_vaults_angled_halls,
          ontoclasm_vaults_ring_square, vaults_mumra_chevron, v_misc_19,
          layout_vaults_omnibox, serial_shops, shop
Vaults:2: nicolae_vaults_specimen_jars, vaults_room_semicircle, v_misc_2,
          nicolae_vaults_network_star, vaults_room_stairs_pillars,
          vaults_room_pool, gammafunk_sealed_library, vaults_room_pool,
          vaults_mumra_chevron_long, v_misc_25, vaults_mumra_hex,
          vaults_room_large_hall, vaults_dpeg_diagonal, v_misc_11,
          grunt_vaults_hallway_long, ontoclasm_vaults_chip, layout_vaults_maze,
          serial_shops, shop, nicolae_trove_entry_columns
Vaults:3: st_hourglassy, minmay_crypt_entry_simple_box, v_misc_12, v_misc_11,
          ontoclasm_vaults_eye, v_misc_18, ontoclasm_vaults_hangar,
          nicolae_vaults_diagonal_hallway_8, layout_vaults_omnigrid,
          serial_shops, shop_statue
Vaults:4: grunt_vaults_hallway_long, nicolae_vaults_back_hallway,
          vaults_dpeg_doors, v_misc_9, v_misc_2, v_misc_23,
          nicolae_vaults_big_ls, grunt_vaults_trifunnel,
          nicolae_vaults_little_squares_6, vaults_dpeg_encased_lava,
          nicolae_vaults_little_squares_3, nicolae_vaults_border_crossing,
          vaults_room_stairs_pillars, layout_vaults_omnicross, uniq_boris
Vaults:5: serial_shops
Depths:1: layout_gridlike, grunt_mini_vestibule, biasface_ghost_demon_polymorph,
          minmay_swirly_circle
Depths:2: emtedronai_trogs_sanctum, layout_cave_pools, hell_entry,
          serial_column_ruins, column_ruins_hut_water,
          column_ruins_corridor_straight, column_ruins_open_small,
          column_ruins_open_tiny, column_ruins_columns_T, column_ruins_grid_1,
          corexii_leaking_fountain, kennysheep_small_square
Depths:3: hangedman_spin_cycle, serial_shops, pan_entry, hell_entry
Depths:4: minmay_strange_plus, layout_cave_pools, hell_entry,
          abyss_entry_crystal, pan_entry, infiniplex_staircase_x,
          minmay_shop_grove, firewood_loft, uniq_margery
Depths:5: grunt_twist_and_shout, layout_cave_pools, enter_ziggurat_b,
          special_room [special_room_jelly], hellmouth_1, abyss_entry,
          uniq_saint_roka, uniq_jory
Zot:1:    layout_misc_corridors, nicolae_transmutations_shop
Zot:2:    layout_misc_corridors, lemuel_baited_zot_trap,
          st_large_dragon_hoard_3, lemuel_elevator
Zot:3:    grunt_zot_stairs_faceoff, layout_onion, gammafunk_ghost_necromancy
Zot:4:    grunt_zot_stairs_overgrown, layout_gridlike, grunt_megastairs_5,
          lemuel_elevator
Zot:5:    layout_misc_corridors

Skill      XL: |  1  2  3  4  5  6  7  8  9 10 11 12 13 14 15 16 17 18 19 20 21 22 23 24 25 26 27 |
---------------+----------------------------------------------------------------------------------+-----
Dodging        | 1 2 3 5 7 8 9 10 11 12 14 15 16 17 18 20 | 20.0
Long Blades    | 3 4 5 6 7 9 10 | 10.0
Armour         | 4 5 6 7 10 11 12 14 15 17 18 23 | 23.0
Evocations     | 1 2 3 5 7 8 12 15 16 17 | 17.0
Fighting       | 4 5 6 8 10 11 12 13 14 15 16 17 18 19 20 | 20.0
Shields        | 4 5 7 10 13 14 15 | 15.0
Throwing       | 1 3 5 7 8 11 13 15 | 15.5
Slings         | 5 6 |  6.9
Short Blades   | 1 10 12 13 14 23 | 23.9
Spellcasting   | 2 3 5 7 9 10 | 10.0
Translocations | 3 6 7 |  7.0
Conjurations   | 6 9 12 18 | 18.0
Transmutations | 4 6 8 10 | 10.0
Stealth        | 12 | 12.0
Earth Magic    | 10 | 10.0

Action                   |  1- 3 |  4- 6 |  7- 9 | 10-12 | 13-15 | 16-18 | 19-21 | 22-24 | 25-27 || total
-------------------------+-------+-------+-------+-------+-------+-------+-------+-------+-------++-------
Melee: Long sword        |    68 |   148 |   214 |       |       |       |       |       |       ||   430
       Kick              |    15 |    49 |    84 |    66 |   386 |   502 |   564 |   661 |  1493 ||  3820
       Peck              |     7 |    24 |    62 |    52 |   245 |   336 |   331 |   373 |   944 ||  2374
       Dagger            |       |    10 |    17 |   143 |   493 |       |       |       |       ||   663
       Hunting sling     |       |       |       |     6 |     5 |       |       |       |       ||    11
       Rapier            |       |       |       |       |   355 |  1278 |  1176 |  1042 |  2572 ||  6423
       Headbutt          |       |       |       |       |       |       |       |       |   242 ||   242
 Fire: Hunting sling     |       |       |   113 |   630 |   566 |       |       |       |       ||  1309
Throw: Stone             |    42 |    64 |    23 |       |       |       |       |       |       ||   129
       Dart              |       |     3 |    57 |    12 |    19 |     2 |     2 |     4 |     8 ||   107
       Boomerang         |       |       |       |     6 |   144 |   226 |   354 |   370 |   793 ||  1893
       Throwing net      |       |       |       |       |     1 |       |     3 |     5 |     4 ||    13
       Javelin           |       |       |       |       |       |       |       |     3 |     5 ||     8
 Cast: Blink             |       |       |       |       |       |       |       |       |     3 ||     3
       Irradiate         |       |       |       |       |       |       |       |       |    49 ||    49
       Passwall          |       |       |       |       |       |       |       |       |     5 ||     5
       Apportation       |       |       |       |       |       |       |       |       |     1 ||     1
Invok: Lunge             |       |     4 |     7 |     3 |    52 |   104 |   106 |    53 |   142 ||   471
       Whirlwind         |       |       |     6 |    22 |   199 |   334 |   252 |   176 |   570 ||  1559
       Serpent's Lash    |       |       |       |     4 |    31 |    32 |    21 |    17 |    58 ||   163
 Abil: Fly               |       |     1 |       |       |       |       |       |       |       ||     1
       Evoke Invisibilit |       |       |       |       |       |     1 |     2 |       |    18 ||    21
Evoke: Wand              |       |       |     4 |    12 |     9 |    13 |     7 |       |    18 ||    63
       Tin of tremorston |       |       |       |     2 |     3 |    13 |    13 |    11 |    23 ||    65
       Condenser vane    |       |       |       |       |     3 |     6 |     5 |     7 |    17 ||    38
       Lightning rod     |       |       |       |       |       |       |       |     6 |    17 ||    23
  Use: Scroll            |     3 |     4 |     2 |    17 |    10 |     3 |     4 |     5 |    20 ||    68
       Potion            |       |       |     5 |     1 |     1 |       |       |       |    15 ||    22
 Stab: Petrified         |       |       |       |     4 |       |       |       |       |       ||     4
       Invisible         |       |       |       |       |     4 |     3 |    13 |       |   107 ||   127
       Confused          |       |       |       |       |     4 |     3 |       |       |       ||     7
       Held in net/web   |       |       |       |       |       |       |     1 |     5 |     4 ||    10
       Sleeping          |       |       |       |       |       |       |       |       |    31 ||    31
       Distracted        |       |       |       |       |       |       |       |       |     1 ||     1
       Paralysed         |       |       |       |       |       |       |       |       |     1 ||     1
Armor: Scale mail        |    25 |    40 |    56 |       |       |       |       |       |       ||   121
       Chain mail        |       |       |    47 |    52 |       |       |       |       |       ||    99
       Plate armour      |       |       |       |    46 |   177 |   247 |   162 |   157 |   226 ||  1015
       Shadow dragon sca |       |       |       |       |       |       |       |       |   151 ||   151
Dodge: Dodged            |    10 |    37 |   102 |   117 |   153 |   221 |   203 |   219 |   991 ||  2053
Block: Kite shield       |    32 |    61 |   155 |   215 |   408 |   426 |   459 |   490 |  1028 ||  3274
       Reflection        |       |       |       |     2 |    10 |     3 |    55 |    91 |    34 ||   195
       Rpst.: Long sword |     4 |    12 |    19 |       |       |       |       |       |       ||    35

Table legend: (Time is in decaauts)
 A = Elapsed time spent in this place.
 B = Non-inter-level travel time spent in this place.
 C = Inter-level travel time spent in this place.
 D = Time resting spent in this place.
 E = Time spent auto-exploring this place.
 F = Levels seen in this place.
 G = Mean time per level.
                   A        B        C        D        E       F      G
               +--------+--------+--------+--------+--------+-----+--------+
         Total |  70099 |  60481 |   9618 |   1383 |  42445 |  58 | 1208.6 |
       Dungeon |  23743 |  20413 |   3330 |    418 |  15555 |  15 | 1582.9 |
        Temple |      1 |      1 |      0 |      0 |      0 |   1 |    1.0 |
          Lair |  10673 |   9327 |   1346 |    165 |   7530 |   6 | 1778.8 |
        Shoals |   3640 |   3244 |    396 |      0 |   2280 |   4 |  910.0 |
     Snake Pit |   3945 |   3504 |    441 |     45 |   2301 |   4 |  986.2 |
    Slime Pits |   1840 |   1705 |    135 |    128 |    734 |   5 |  368.0 |
  Orcish Mines |   2031 |   1322 |    709 |      3 |   1001 |   2 | 1015.5 |
   Elven Halls |   3131 |   2788 |    343 |     38 |   1926 |   3 | 1043.7 |
        Vaults |   7746 |   6722 |   1024 |     44 |   4213 |   5 | 1549.2 |
        Depths |   5427 |   4302 |   1125 |     21 |   2479 |   5 | 1085.4 |
           Zot |   6264 |   5499 |    765 |    409 |   3458 |   5 | 1252.8 |
         Trove |     66 |     66 |      0 |      0 |      0 |   1 |   66.0 |
         Sewer |    535 |    535 |      0 |      0 |    326 |   1 |  535.0 |
       Volcano |   1051 |   1051 |      0 |    110 |    638 |   1 | 1051.0 |
               +--------+--------+--------+--------+--------+-----+--------+

Top non-repeatable levels by time:
    D:10: 3195 daAuts
  Lair:6: 3061 daAuts
     D:2: 2332 daAuts
  Lair:1: 1990 daAuts
     D:6: 1987 daAuts
     D:3: 1809 daAuts
    D:12: 1786 daAuts
 Snake:4: 1705 daAuts
Vaults:1: 1695 daAuts
  Lair:3: 1607 daAuts
Vaults:4: 1603 daAuts
     D:7: 1587 daAuts
   Zot:5: 1553 daAuts
Vaults:3: 1539 daAuts
  Lair:5: 1538 daAuts
